 Dungeon Crawl Stone Soup version 0.26.1-11-gd32895ea62 (webtiles) character file.

Game seed: 2274867896085117229

944 Nippy the Skirmisher (level 7, -3/67 HPs)
             Began as a Minotaur Fighter on June 7, 2021.
             Was an Initiate of Gozag.
             Slain by Menkaure (10 damage)
             ... on level 5 of the Dungeon.
             The game lasted 00:38:26 (4981 turns).

Nippy the Skirmisher (Minotaur Fighter)             Turns: 4981, Time: 00:38:27

Health: -3/67      AC: 12    Str: 22      XL:     7   Next: 88%
Magic:  6/6        EV:  3    Int:  5      God:    Gozag
Gold:   565        SH: 15    Dex:  8 (10) Spells: 6/6 levels left

rFire    . . .     SeeInvis .   a - +2 war axe
rCold    + . .     Faith    .   k - +0 tower shield
rNeg     . . .     Spirit   .   g - +0 plate armour
rPois    .         Reflect  .   (helmet restricted)
rElec    .         Harm     .   (no cloak)
rCorr    .         Rampage  .   (no gloves)
Will     .....                  (no boots)
Stlth    ..........             (no amulet)
HPRegen  0.21/turn              h - ring of protection from cold
MPRegen  0.10/turn              (no ring)

@: no status effects
A: retaliatory headbutt, horns 2
a: Renounce Religion, Potion Petition, Call Merchant, Bribe Branch


You were on level 5 of the Dungeon.
You worshipped Gozag.
Gozag was pleased with you.
You visited 2 branches of the dungeon, and saw 6 of its levels.

You collected 617 gold pieces.
You paid 52 gold pieces to Gozag.

Inventory:

Hand Weapons
 a - a +2 war axe (weapon)
Armour
 g - a +0 plate armour (worn)
 k - a +0 tower shield (worn)
Jewellery
 h - a ring of protection from cold (left hand)
 n - an uncursed ring of flight
 t - an uncursed ring of ice {unknown}
Wands
 s - a wand of digging (6)
Scrolls
 c - 2 scrolls of teleportation
 j - a scroll of identify
 l - a scroll of magic mapping {unknown}
 m - a scroll of blinking
 o - 2 scrolls of noise
 p - a scroll of fear {unknown}
 r - a scroll of immolation
 u - a scroll of enchant weapon
 w - a scroll of fog {unknown}
 x - a scroll of remove curse
Potions
 b - 2 potions of resistance
 d - 2 potions of might
 e - 3 potions of haste
 f - 3 potions of lignification
 i - a potion of invisibility
 z - a potion of mutation


   Skills:
 * Level 7.8 Fighting
 + Level 5.1 Axes
 + Level 6.0 Armour
 - Level 0.5 Dodging
 + Level 6.0 Shields


You had 6 spell levels left.
You didn't know any spells.
Your spell library contained the following spells:

 Spells                   Type           Power        Failure   Level
 Magic Dart               Conj           0%           100%        1
 Blink                    Tloc           N/A          100%        2
 Call Imp                 Summ           0%           100%        2
 Slow                     Hex            0%           100%        2
 Conjure Flame            Conj/Fire      0%           100%        3
 Mephitic Cloud           Conj/Pois/Air  0%           100%        3


Dungeon Overview and Level Annotations

Branches:
Dungeon (5/15)             Temple (1/1) D:5

Altars:
Ashenzari
Cheibriados
Dithmenos
Elyvilon
Fedhas
Gozag
Hepliaklqana
Kikubaaqudgha
Makhleb
Nemelex Xobeh
Okawaru
Qazlal
Trog
Uskayaw
Vehumet
Wu Jian
Xom
Yredelemnul
Zin
The Shining One

Annotations:
D:5 Menkaure


Innate Abilities, Weirdness & Mutations

You reflexively headbutt those who attack you in melee.
You have a pair of horns on your head.


Message History

Menkaure calls on the powers of darkness!
Your body is wracked with pain!
* * * LOW HITPOINT WARNING * * *
The orc convulses!
A shadow imp comes into view.
The shadow imp shouts, "Accept thy failure, thou defiled tickle-brained pumpion!"
Menkaure calls on the powers of darkness!
Your body is wracked with pain!
* * * LOW HITPOINT WARNING * * *
Your plate armour prevents you from hitting the shadow imp.
Your shield and plate armour prevent you from hitting Menkaure.
You barely miss the orc. You block Menkaure's attack.
The shadow imp hits you but does no damage.
You block the orc's attack.
You barely miss the shadow imp. Your headbutt misses the shadow imp.
You hit Menkaure. You barely miss the orc. You block Menkaure's attack.
You block the shadow imp's attack. You block the orc's attack.
Menkaure hits you!
You die...
Your body crumbles into a pile of gold.

#......#.....#.....
.......##...##.....
#.......#...#......
#.......##.##......
####.####.###o.oo#.#....###
#...........###l#####.###..
#.##.####.....###...###....
#Mo.....#._.#......
##@...###...###....
#.#####5.###.##'##.###..
#......###....#.#....###
#######......##.##......
#......#...#......
####.....##...##.....
#........#(....#.....
#/#......#.....#.....
#.##########.##...###


You could see Menkaure (fast), a shadow imp and an orc.

Vanquished Creatures
  Eustachio (D:5)
  A phantom (D:5)
  2 scorpions
  2 hounds
  2 orc priests
  Ijyb (D:5)
  5 orc wizards
  4 worker ants
  Terence (D:3)
  6 adders
  3 gnolls (D:3)
  A white imp (D:3)
  An ufetubus (D:4)
  2 worms (D:2)
  4 dart slugs
  3 leopard geckos
  20 orcs
  4 bats
  4 giant cockroaches (D:2)
  11 goblins
  6 hobgoblins
  10 jackals
  A quokka (D:2)
  A ball python (D:1)
  5 frilled lizards
  A jackal skeleton (D:5)
  12 kobolds
  10 rats
124 creatures vanquished.

Vanquished Creatures (others)
  A wizard (D:5)
1 creature vanquished.

Grand Total: 125 creatures vanquished

Notes
Turn   | Place    | Note
-------+----------+-------------------------------------------
     0 | D:1      | Nippy the Minotaur Fighter began the quest for the Orb.
     0 | D:1      | Reached XP level 1. HP: 19/19 MP: 0/0
    59 | D:1      | Reached XP level 2. HP: 26/27 MP: 1/1
    62 | D:1      | Reached skill level 4 in Fighting
   333 | D:1      | Reached XP level 3. HP: 33/33 MP: 2/2
  1521 | D:2      | Reached XP level 4. HP: 41/41 MP: 3/3
  1795 | D:3      | Reached skill level 5 in Fighting
  1881 | D:3      | Reached XP level 5. HP: 46/48 MP: 4/4
  2114 | D:3      | Found an opulent altar of Gozag.
  2230 | D:3      | Became a worshipper of Gozag Ym Sagoz the Greedy
  2277 | D:3      | Noticed Terence
  2366 | D:3      | Killed Terence
  2535 | D:3      | Reached XP level 6. HP: 55/57 MP: 5/5
  2861 | D:4      | Reached skill level 6 in Fighting
  2893 | D:4      | Reached skill level 5 in Armour
  2893 | D:4      | Reached skill level 5 in Shields
  3111 | D:4      | Found a hazy altar of Hepliaklqana.
  3367 | D:4      | Found a hazy altar of Hepliaklqana.
  3446 | D:4      | Noticed an orc warrior
  3768 | D:4      | Found a shadowy altar of Dithmenos.
  3807 | D:5      | Entered Level 5 of the Dungeon
  3807 | D:5      | Found a bloodstained altar of Trog.
  3807 | D:5      | Noticed a wizard
  3822 | D:5      | Killed a wizard
  3873 | D:5      | Found a broken altar of Ashenzari.
  4005 | D:5      | Noticed Ijyb
  4015 | D:5      | Killed Ijyb
  4016 | D:5      | Reached XP level 7. HP: 64/64 MP: 6/6
  4094 | D:5      | Found a staircase to the Ecumenical Temple.
  4116 | Temple   | Entered the Ecumenical Temple
  4504 | D:5      | Reached skill level 7 in Fighting
  4575 | D:5      | Found a glowing silver altar of Zin.
  4582 | D:5      | Found a burning altar of Makhleb.
  4621 | D:5      | Noticed Eustachio
  4647 | D:5      | Killed Eustachio
  4648 | D:5      | Reached skill level 5 in Axes
  4970 | D:5      | Noticed Menkaure
  4981 | D:5      | Slain by Menkaure

Illustrated notes

Levels and vault maps discovered:
D:1:      lemuel_arrival_rhombus, layout_loops_ring, minmay_hexomino_c4
D:2:      layout_basic
D:3:      layout_loops_ring, minmay_misc_feat_doors,
          nicolae_gozag_cash_rules_everything_around_me, uniq_terence
D:4:      layout_cave_pools, nzn_hepliaklqana_mist_gate, serial_column_ruins,
          column_ruins_temple_hut, column_ruins_square_medium,
          column_ruins_grid_3, column_ruins_grid_3, column_ruins_grid_1,
          column_ruins_columns_straight, column_ruins_columns_dead_end,
          kennysheep_flooded_box
D:5:      layout_loops_ring, overflow_temple_1_default, zin_statuary,
          nicolae_ashenzari_panopticon, minmay_temple_entry_offerings,
          trog_wizard, uniq_menkaure, uniq_eustachio, uniq_ijyb
Temple:   eino_temple_scatter_basement

Skill      XL: |  1  2  3  4  5  6  7 |
---------------+----------------------+-----
Fighting       | 4 5 6 7 |  7.8
Shields        | 4 5 6 |  6.0
Armour         | 4 5 6 |  6.0
Axes           | 3 4 5 |  5.1
Dodging        | |  0.5

Action                   |  1- 3 |  4- 6 |  7- 9 || total
-------------------------+-------+-------+-------++-------
Melee: War axe           |    93 |   164 |    90 ||   347
       Headbutt          |    12 |    27 |    10 ||    49
  Use: Scroll            |     7 |     6 |     3 ||    16
       Potion            |       |     1 |       ||     1
Armor: Scale mail        |    19 |       |       ||    19
       Plate armour      |     9 |    76 |    77 ||   162
Dodge: Dodged            |    19 |    10 |     8 ||    37
Block: Kite shield       |    21 |       |       ||    21
       Tower shield      |    32 |   109 |    94 ||   235
